 Dungeon Crawl Stone Soup version 0.20-a0-1039-gf554463 (webtiles) character file.

38 Chaoticas the Insei (level 3, 0/27 HPs)
             Began as a Gnoll Transmuter on Apr 22, 2017.
             Slain by a worm (7 damage)
             ... on level 2 of the Dungeon.
             The game lasted 00:08:12 (1689 turns).

Chaoticas the Insei (Gnoll Transmuter)              Turns: 1689, Time: 00:08:12

Health: 0/27       AC:  2    Str:  9    XL:     3   Next: 43%
Magic:  7/7        EV: 13    Int: 14    God:
Gold:   1          SH:  0    Dex: 14    Spells: 2/8 levels left

rFire    . . .     SeeInvis .     - Unarmed
rCold    . . .     Gourm    .   (no shield)
rNeg     . . .     Faith    .   b - +0 robe
rPois    .         Spirit   .   (no helmet)
rElec    .         Reflect  .   (no cloak)
rCorr    .         Harm     .   (no gloves)
MR       .....                  (boots currently unavailable)
Stlth    +.........             (no amulet)
Regen    0.1/turn               (no ring)
MPRegen  0.1/turn               (no ring)

@: appendage
A: short attention span, fangs 1, talons 3, strong nose
a: End Transformation


You were on level 2 of the Dungeon.
You were hungry.
You had grown temporary talons.
You visited 1 branch of the dungeon, and saw 2 of its levels.

You collected 1 gold pieces.

Inventory:

Missiles
 a - 12 arrows
Armour
 b - a +0 robe (worn)
 i - a +0 shield
Scrolls
 g - a scroll of remove curse {unknown}
 h - 2 scrolls of identify {unknown}
 j - a scroll of enchant armour {unknown}
 k - a scroll of fog {unknown}
Potions
 e - a potion of invisibility {unknown}
Books
 c - a book of Changes

   Spells                             Type                      Level
   a - Beastly Appendage              Transmutation                1
   b - Sticks to Snakes               Transmutation                2
   c - Spider Form                    Transmutation/Poison         3
   d - Ice Form                       Ice/Transmutation            4
   e - Blade Hands                    Transmutation                5
Comestibles
 d - 2 bread rations


   Skills:
 + Level 2.0 Fighting
 - Level 3.0 Dodging
 * Level 5.1 Unarmed Combat
 - Level 3.2 Spellcasting
 * Level 4.4 Transmutations
 * Level 0.4 Poison Magic


You had 2 spell levels left.
You knew the following spells:

 Your Spells              Type           Power        Failure   Level  Hunger
a - Beastly Appendage     Tmut           ##....       3%          1    #......
b - Sticks to Snakes      Tmut           ##......     4%          2    ##.....
c - Spider Form           Tmut/Pois      #.........   22%         3    ###....


Dungeon Overview and Level Annotations

Branches:
Dungeon (2/15)

Altars:


Innate Abilities, Weirdness & Mutations

You have a short attention span.
You have very sharp teeth.
Your uncanny sense of smell can sniff out nearby items.
You have claws for feet.


Message History

You punch the worm!
The worm is severely wounded.
The worm bites you!
You are feeling hungry.
You hit the worm. Your kick misses the worm.
The worm is severely wounded.
The worm misses you.
All of the chunks of flesh in your inventory have rotted away.
You completely miss the worm. Your kick misses the worm.
The worm is severely wounded.
You hit the worm. You claw the worm, but do no damage.
The worm is severely wounded.
The worm bites you.
* * * LOW HITPOINT WARNING * * *
You barely miss the worm.
The worm is severely wounded.
You barely miss the worm.
The worm is severely wounded.
The worm bites you!
You die...

#...# #.. #.# ∆ #.....
#..##.# # #......
#..#..# .#
#.........##.....##..#
'..(......+.......#..#
#......... #.........#
#....... #.........#
#..... #####w#####
#...# #@# #'## ##.#
##.## #..# ##.#.##
#.## ###.###.### #.#
#..## ##..# #.#
#.#.###.#.#####.#
#.##.#..........#
#.##..###.#######


You could see a worm.

Vanquished Creatures
  3 dart slugs
  2 leopard geckos (D:1)
  A ball python (D:2)
  4 bats
  3 giant cockroaches
  A goblin (D:1)
  A hobgoblin (D:1)
  3 kobolds (D:1)
  2 quokkas (D:2)
  3 frilled lizards (D:1)
  6 rats
29 creatures vanquished.

Notes
Turn   | Place    | Note
-------+----------+-------------------------------------------
     0 | D:1      | Chaoticas the Gnoll Transmuter began the quest for the Orb.
     0 | D:1      | Reached XP level 1. HP: 15/15 MP: 4/4
   172 | D:1      | Reached XP level 2. HP: 21/21 MP: 4/6
   685 | D:1      | Learned a level 2 spell: Sticks to Snakes
   914 | D:1      | Reached XP level 3. HP: 26/27 MP: 7/7
  1258 | D:1      | Learned a level 3 spell: Spider Form
  1272 | D:2      | Reached skill level 5 in Unarmed Combat
  1689 | D:2      | Slain by a worm

Vault maps used:
D:1:      wheals_arrival_linesprint
D:2:      cheibrodos_old_hovel, first_bread

Skill      XL: |  1  2  3 |
---------------+----------+-----
Transmutations | 4 |  4.4
Unarmed Combat | 5 |  5.1
Fighting       | 2 |  2.0
Dodging        | |  3.0
Spellcasting   | |  3.2
Poison Magic   | |  0.4

Action                   || total
-------------------------++-------
Melee: Unarmed           ||   114
       Punch             ||     3
       Bite              ||     9
       Kick              ||     2
       Headbutt          ||     1
 Cast: Beastly Appendage ||     7
 Stab: Sleeping          ||     3
  Eat: Chunk             ||     2
Armor: Robe              ||    15
Dodge: Dodged            ||    74
